 Dungeon Crawl Stone Soup version 0.27-a0-1232-gc6a4cbde82 (webtiles) character file.

Game seed: 1429227714457252477

319 pokeman the Magician (level 6, -8/34 HPs)
             Began as a Deep Elf Hedge Wizard on June 8, 2021.
             Killed by divine providence
             ... invoked by an orc priest
              (14 damage)
             ... on level 4 of the Dungeon.
             The game lasted 00:10:25 (5115 turns).

pokeman the Magician (Deep Elf Hedge Wizard)        Turns: 5115, Time: 00:10:26

Health: -8/34      AC:  4    Str:  7    XL:     6   Next: 21%
Magic:  9/17       EV: 12    Int: 21    God:
Gold:   70         SH:  0    Dex: 14    Spells: 7/18 levels left

rFire    . . .     SeeInvis .   a - +0 dagger
rCold    . . .     Faith    .   (no shield)
rNeg     . . .     Spirit   .   e - +0 leather armour
rPois    .         Reflect  .   c - +0 hat
rElec    .         Harm     .   q - +0 cloak
rCorr    .         Rampage  .   (no gloves)
Will     .....                  (no boots)
Stlth    ++........             (no amulet)
HPRegen  0.11/turn              (no ring)
MPRegen  0.15/turn              (no ring)

@: no status effects
A: no striking features
a: no special abilities


You were on level 4 of the Dungeon.
You visited 1 branch of the dungeon, and saw 4 of its levels.

You collected 178 gold pieces.
You spent 108 gold pieces at shops.

Inventory:

Hand Weapons
 a - a +0 dagger (weapon)
 b - a +1 hunting sling of flaming
Missiles
 f - 80 stones
 i - 16 sling bullets
 j - 14 arrows
Armour
 c - a +0 hat (worn)
 e - a +0 leather armour (worn)
 o - a +0 buckler
 q - a +0 cloak (worn)
Wands
 m - a wand of acid (8)
Scrolls
 g - 3 scrolls of identify {unknown}
 n - 2 scrolls of teleportation {unknown}
Potions
 d - 3 potions of curing
 h - a potion of flight {unknown}
 k - 2 potions of heal wounds
 l - 2 potions of ambrosia {unknown}
 p - a potion of mutation {unknown}


   Skills:
 - Level 1.0 Fighting
 - Level 1.0 Armour
 - Level 3.1 Dodging
 - Level 3.1 Stealth
 * Level 6.9 Spellcasting
 + Level 3.1 Conjurations
 - Level 1.1 Summonings
 - Level 1.1 Translocations
 - Level 1.3 Fire Magic
 - Level 1.1 Air Magic
 + Level 0.0 Poison Magic
 + Level 0.0 Evocations


You had 7 spell levels left.
You knew the following spells:

 Your Spells              Type           Power      Damage    Failure   Level
a - Magic Dart            Conj           80%        1d7       3%          1
b - Mephitic Cloud        Conj/Pois/Air  13%        N/A       22%         3
c - Call Imp              Summ           11%        N/A       12%         2
d - Blink                 Tloc           N/A        N/A       12%         2
e - Conjure Flame         Conj/Fire      16%        6-21      16%         3

Your spell library contained the following spells:

 Spells                   Type           Power      Damage    Failure   Level
 Beastly Appendage        Tmut           14%        N/A       13%         1
 Slow                     Hex            7%         N/A       21%         2
 Wereblood                Tmut           7%         N/A       21%         2
 Spider Form              Tmut/Pois      3%         N/A       36%         3
 Ice Form                 Ice/Tmut       7%         N/A       78%         4
 Hydra Form               Tmut           3%         N/A       98%         5


Dungeon Overview and Level Annotations

Branches:
Dungeon (4/15)
 Temple: D:4-7

Altars:

Shops:
D:3 !


Message History

The magic dart hits the phantom.
The phantom is heavily damaged.
The orc wizard shouts!
The phantom barely misses you.
Casting: Magic Dart (safe; 3% risk of failure)
Confirm with . or Enter, or press ? or * to list all spells.
Aiming: Magic Dart (safe; 3% risk of failure)
Press: ? - help, Shift-Dir - straight line, f/p - phantom
Aim: a phantom (heavily damaged, 100% to hit)
The magic dart hits the phantom but does no damage.
The phantom is heavily damaged.
The orc wizard mumbles some strange words.
The orc wizard flickers and vanishes!
Deactivating autopickup; reactivate with Ctrl-A.
An orc priest comes into view. It is wielding a +2 whip of holy wrath.
The phantom hits you.
The phantom blinks!
You blink.
An orc comes into view. It is wielding a +0 hand axe.
Casting: Magic Dart (safe; 3% risk of failure)
Confirm with . or Enter, or press ? or * to list all spells.
Aiming: Magic Dart (safe; 3% risk of failure)
Press: ? - help, Shift-Dir - straight line, f/p - phantom
Aim: a phantom (heavily damaged, 100% to hit)
The magic dart hits the phantom.
The phantom is severely damaged.
The orc shouts!
Something hits you but does no damage. The phantom barely misses you.
Something hits you.
You hear some strange, mumbled words.
A puff of flame appears from out of thin air!
The puff of flame hits you!
Casting: Magic Dart (safe; 3% risk of failure)
Confirm with . or Enter, or press ? or * to list all spells.
A beastly little devil appears in a puff of flame.
The phantom hits you!
* * * LOW HITPOINT WARNING * * *
The phantom blinks!
You blink.
The phantom barely misses you.
The orc priest calls down the wrath of Beogh upon you.
Beogh smites you!
You die...

#.# .# #.# ..#
#.#######.###..###
#......ยง..>.......
#.#######.....###
#######.o.....#
.......{.o....#
#######OW.....#
#@#...###
##.#...###
.........#
#####.##.#
#.##.#######
#.##........ #.
#.######. #.##.#
..#.#


You could see a phantom, an ogre, an orc priest and an orc.

Vanquished Creatures
  A sky beast (D:3)
  An ogre (D:4)
  An orc wizard (D:3)
  A gnoll (D:1)
  2 adders
  A worm (D:3)
  A dart slug (D:1)
  9 orcs
  7 bats
  8 endoplasms
  A giant cockroach (D:2)
  2 goblins
  5 hobgoblins
  6 jackals
  5 kobolds
  4 quokkas
  5 ball pythons
  6 frilled lizards
  4 rats
70 creatures vanquished.

Vanquished Creatures (collateral kills)
  A worm (D:2)
  4 orcs
  An endoplasm (D:2)
  A jackal (D:2)
7 creatures vanquished.

Grand Total: 77 creatures vanquished

Notes
Turn   | Place    | Note
-------+----------+-------------------------------------------
     0 | D:1      | pokeman the Deep Elf Hedge Wizard began the quest for the
                  | Orb.
     0 | D:1      | Reached XP level 1. HP: 10/10 MP: 7/7
   114 | D:1      | Reached XP level 2. HP: 16/16 MP: 2/9
   492 | D:1      | Reached skill level 5 in Spellcasting
   619 | D:1      | Reached XP level 3. HP: 20/20 MP: 8/11
   623 | D:1      | Learned a level 3 spell: Mephitic Cloud
   626 | D:1      | Learned a level 2 spell: Call Imp
   629 | D:1      | Learned a level 2 spell: Blink
   633 | D:1      | Learned a level 3 spell: Conjure Flame
  1681 | D:2      | Found a faded altar of an unknown god.
  2130 | D:2      | Reached skill level 1 in Fighting
  2164 | D:2      | Reached skill level 1 in Armour
  2366 | D:3      | Found Xoron's Distillery.
  2369 | D:3      | Bought a potion of degeneration for 12 gold pieces
  2369 | D:3      | Bought a potion of curing for 36 gold pieces
  2369 | D:3      | Bought a potion of heal wounds for 60 gold pieces
  2501 | D:3      | Noticed a sky beast
  2762 | D:2      | Reached XP level 4. HP: 22/25 MP: 8/13
  3538 | D:3      | Killed a sky beast
  3539 | D:3      | Reached skill level 6 in Spellcasting
  3539 | D:3      | Reached skill level 1 in Fire Magic
  3539 | D:3      | Reached XP level 5. HP: 11/29 MP: 8/15
  4808 | D:4      | Noticed an ogre
  4818 | D:4      | Killed an ogre
  4819 | D:4      | Reached skill level 1 in Air Magic
  4819 | D:4      | Reached XP level 6. HP: 19/34 MP: 5/17
  5115 | D:4      | Killed from afar by an orc priest

Illustrated notes

Levels and vault maps discovered:
D:1:      tarquinn_simple_flora_water_d, layout_basic, minmay_tromino_v4_b
D:2:      minmay_chambers_of_ones, layout_loops_ring,
          shapermc_ecumenical_altar_mp_vishouse
D:3:      layout_loops_ring, serial_shops, shop, grunt_ministairs_2, st_stairs_5
D:4:      minmay_wonky_spiral, layout_loops_ring, nicolae_overflow_hidden_temple

Skill      XL: |  1  2  3  4  5 |
---------------+----------------+-----
Spellcasting   | 5 6 |  6.9
Fighting       | 1 |  1.0
Armour         | 1 |  1.0
Conjurations   | 2 3 |  3.1
Dodging        | 3 |  3.1
Fire Magic     | 1 |  1.3
Stealth        | 3 |  3.1
Air Magic      | 1 |  1.1
Summonings     | |  1.1
Translocations | |  1.1

Action                   |  1- 3 |  4- 6 || total
-------------------------+-------+-------++-------
Melee: Dagger            |     5 |     7 ||    12
 Cast: Magic Dart        |    88 |   115 ||   203
       Call Imp          |     4 |     5 ||     9
       Conjure Flame     |     1 |     1 ||     2
       Blink             |     1 |     1 ||     2
       Mephitic Cloud    |       |     2 ||     2
 Stab: Sleeping          |     2 |       ||     2
Armor: Robe              |     1 |       ||     1
       Leather armour    |     5 |    12 ||    17
Dodge: Dodged            |    21 |    36 ||    57

Table legend: (Time is in decaauts)
 A = Elapsed time spent in this place.
 B = Non-inter-level travel time spent in this place.
 C = Inter-level travel time spent in this place.
 D = Time resting spent in this place.
 E = Time spent auto-exploring this place.
 F = Levels seen in this place.
 G = Mean time per level.
                   A        B        C        D        E       F      G
               +--------+--------+--------+--------+--------+-----+--------+
         Total |   5118 |   4976 |    142 |    472 |   3876 |   4 | 1279.5 |
       Dungeon |   5118 |   4976 |    142 |    472 |   3876 |   4 | 1279.5 |
               +--------+--------+--------+--------+--------+-----+--------+

Top non-repeatable levels by time:
     D:2: 1845 daAuts
     D:3: 1669 daAuts
     D:1: 1223 daAuts
     D:4: 379 daAuts
